 Dungeon Crawl Stone Soup version 0.20.0-8-g6b59dc7 (webtiles) character file.

77 Jerry the Skirmisher (level 4, -3/41 HPs)
             Began as a Hill Orc Fighter on June 1, 2017.
             Slain by an orc warrior
             ... wielding a +0 hand axe
              (4 damage)
             ... on level 2 of the Dungeon.
             The game lasted 00:02:32 (1352 turns).

Jerry the Skirmisher (Hill Orc Fighter)             Turns: 1352, Time: 00:02:33

Health: -3/41      AC: 11    Str: 19    XL:     4   Next: 33%
Magic:  4/4        EV:  3    Int:  8    God:
Gold:   97         SH:  9    Dex: 10    Spells: 3/3 levels left

rFire    . . .     SeeInvis .   a - +0 war axe
rCold    . . .     Gourm    .   c - +0 shield
rNeg     . . .     Faith    .   o - +0 plate armour
rPois    .         Spirit   .   (no helmet)
rElec    .         Reflect  .   (no cloak)
rCorr    .         Harm     .   (no gloves)
MR       .....                  (no boots)
Stlth    ..........             (no amulet)
Regen    0.2/turn               (no ring)
MPRegen  0.1/turn               (no ring)

@: no status effects
A: no striking features
a: no special abilities


You were on level 2 of the Dungeon.
You were not hungry.

You visited 1 branch of the dungeon, and saw 3 of its levels.

You collected 97 gold pieces.

Inventory:

Hand Weapons
 a - a +0 war axe (weapon)
Armour
 c - a +0 shield (worn)
 o - a +0 plate armour (worn)
Scrolls
 e - a scroll of magic mapping {unknown}
 i - 2 scrolls of remove curse {unknown}
 j - 3 scrolls of identify {unknown}
 k - a scroll of teleportation {unknown}
 m - a scroll of enchant armour {unknown}
 p - 2 scrolls of fear {unknown}
 q - a scroll of amnesia {unknown}
 r - a scroll of random uselessness {unknown}
Potions
 b - a potion of agility {unknown}
 d - 2 potions of might
 n - a potion of heal wounds {unknown}
 s - a potion of berserk rage {unknown}
Comestibles
 f - 3 bread rations
 g - 3 chunks of flesh
 h - 2 fruits
 l - a royal jelly
 t - a meat ration


   Skills:
 + Level 4.5 Fighting
 + Level 3.6 Axes
 + Level 3.9 Armour
 + Level 3.8 Shields


You had 3 spell levels left.
You didn't know any spells.

Dungeon Overview and Level Annotations

Branches:
Dungeon (3/15)

Altars:


Message History

The orc warrior hits you with a hand axe.
You hit the orc warrior.
The orc warrior is severely wounded.
You block the orc warrior's attack.
You slash the orc warrior!
The orc warrior is almost dead.
You block the orc warrior's attack.
Your plate armour prevents you from hitting the orc warrior.
The orc warrior is almost dead.
The orc warrior hits you with a hand axe.
The orc warrior hits you with a hand axe!
* * * LOW HITPOINT WARNING * * *
You hit the orc warrior but do no damage.
The orc warrior is almost dead.
The orc warrior hits you with a hand axe!
* * * LOW HITPOINT WARNING * * *
Your shield prevents you from hitting the orc warrior.
The orc warrior is almost dead.
The orc warrior hits you with a hand axe.
You die...

...............#.#...#.##......#
...............................##
.......).......#.##.............#
.................##..............
###...................>.........#
.............<##...............##
...##............................
.......).......###...............
................@oo.............#
...##..........####..>.........##
...##...)......# #########...###
...##......(...# #####
...###........## #### ##......##
########


You could see an orc warrior and an orc.

Vanquished Creatures
  3 oozes
  2 dart slugs (D:1)
  2 leopard geckos (D:2)
  4 bats
  A bat zombie (D:1)
  6 giant cockroaches
  9 hobgoblins
  2 jackals
  5 kobolds
  A ball python (D:3)
  6 frilled lizards
  A giant cockroach zombie (D:1)
  4 goblins
  9 rats
55 creatures vanquished.

Notes
Turn   | Place    | Note
-------+----------+-------------------------------------------
     0 | D:1      | Jerry the Hill Orc Fighter began the quest for the Orb.
     0 | D:1      | Reached XP level 1. HP: 19/19 MP: 1/1
    60 | D:1      | Reached XP level 2. HP: 25/27 MP: 2/2
   141 | D:1      | Reached skill level 4 in Fighting
   353 | D:1      | Reached XP level 3. HP: 33/33 MP: 3/3
  1074 | D:2      | Reached XP level 4. HP: 38/41 MP: 4/4
  1328 | D:3      | Noticed an orc warrior
  1351 | D:2      | HP: 1/41 [orc warrior/hand axe (8)]
  1352 | D:2      | Slain by an orc warrior

Skill      XL: |  1  2 |
---------------+-------+-----
Axes           | 3 |  3.6
Fighting       | 4 |  4.5
Armour         | |  3.9
Shields        | |  3.8

Action                   |  1- 3 |  4- 6 || total
-------------------------+-------+-------++-------
Melee: War axe           |   101 |    40 ||   141
  Eat: Chunk             |     1 |     1 ||     2
Armor: Scale mail        |    20 |       ||    20
       Plate armour      |    54 |    21 ||    75
Dodge: Dodged            |    16 |     3 ||    19
Block: Shield            |    60 |    17 ||    77
